 Dungeon Crawl Stone Soup version 0.31.0-1-g2c135a0 (webtiles) character file.

Game seed: 17938258609431015356

487 jagoly the Chopper (level 7, -1/43 HPs)
             Began as a Gargoyle Monk on Jan 26, 2024.
             Slain by an ogre
             ... wielding a +0 giant club
              (16 damage)
             ... on level 5 of the Dungeon.
             The game lasted 00:08:48 (968 turns).

jagoly the Chopper (Gargoyle Monk)                   Turns: 968, Time: 00:08:49

Health: -1/43      AC: 17    Str: 19    XL:     7   Next: 13%
Magic:  7/7        EV: 12    Int: 10    God:
Gold:   65         SH:  0    Dex: 12    Spells: 6/6 levels left

rFire   . . .        f - +2 mace (protect)
rCold   . . .        d - orb {light}
rNeg    + . .        h - +4 robe of Manekyek {Str+2}
rPois   ∞            (no helmet)
rElec   +            (no cloak)
rCorr   .            (no gloves)
SInv    .            (no boots)
Will    .....        (no amulet)
Stlth   +            (no ring)
HPRegen 0.27/turn    (no ring)
MPRegen 0.10/turn

%: no passive effects
@: under a protective aura, glowing
A: sickness immunity, AC +4, negative energy resistance 1, electricity
resistance, torment resistance 1, petrification resistance
a: no special abilities


You were on level 5 of the Dungeon.
You visited 2 branches of the dungeon, and saw 6 of its levels.

You collected 147 gold pieces.
You spent 82 gold pieces at shops.

Inventory:

Hand Weapons
 a - a +0 hand axe
 f - a +2 mace of protection (weapon)
Missiles
 l - a poisoned dart
 m - 4 stones (quivered)
Armour
 b - a +0 robe
 d - an orb of light (worn)
 h - the +4 robe of Manekyek (worn) {Str+2}
   (You found it on level 2 of the Dungeon)

   Str+2:     It affects your strength (+2).
Jewellery
 s - a +6 ring of intelligence
Scrolls
 g - 2 scrolls of revelation {unknown}
 i - 3 scrolls of identify {unknown}
 n - a scroll of enchant weapon {unknown}
 o - a scroll of poison {unknown}
 q - a scroll of fear {unknown}
 r - a scroll of blinking
Potions
 c - 2 potions of ambrosia
 e - 3 potions of heal wounds
 j - 3 potions of curing {unknown}
 k - a potion of enlightenment {unknown}
 p - a potion of mutation {unknown}


   Skills:
 - Level 4.0 Fighting
 * Level 6.7 Axes
 - Level 2.4 Dodging
 - Level 2.0 Stealth


You had 6 spell levels left.
You didn't know any spells.
Your spell library contained the following spells:

 Spells                   Type           Power      Damage    Failure   Level
 Sandblast                Erth           0%         2d4       36%         1
 Passwall                 Erth           0%         N/A       75%         3
 Stone Arrow              Conj/Erth      0%         3d7       75%         3
 Brom's Barrelling Bould  Conj/Erth      0%         2d3       98%         4


Dungeon Overview and Level Annotations

Branches:
Dungeon (5/15) Zot: 26846  Temple (1/1) D:5 Zot: 5998

Altars:
Elyvilon
Fedhas
Kikubaaqudgha
Makhleb
Nemelex Xobeh
Okawaru
Qazlal
Uskayaw
Wu Jian
Xom
Zin

Shops:
D:3 ?


Innate Abilities, Weirdness & Mutations

You are immune to sickness and miasma.
Your stone body is resilient. (AC +4)
You are immune to poison.
You resist negative energy. (rN+)
You are resistant to electric shocks. (rElec)
You are resistant to unholy torment.
You are immune to petrification.


Message History

Your weapon exudes an aura of protection.
You kill the hobgoblin!
The ball python barely misses you. The ball python grabs you.
The ball python constricts you.
You barely miss the ball python.
The ball python bites you but does no damage.
The ball python constricts you. The ball python closely misses you.
The ball python constricts you.
You hit the ball python but do no damage.
The ball python bites you but does no damage.
The ball python constricts you.
You sock the ball python!
You kill the ball python!
No target in view!
No target in view!
You climb downwards.
The scorpion stings you but does no damage.
The orc priest casts a cantrip, but nothing happens.
The orc barely misses you.
The scorpion stings you but does no damage.
The orc barely misses you.
There is a stone staircase leading up here.
Hit: f) +2 mace (protect)
Press: ? - help, Dir - move target, f - orc priest
Aim: an orc priest, wielding a +0 club and wearing a +0 leather armour (haloed, about 19% to evade your +2 mace of protection)
You hit the orc priest but do no damage.
The scorpion closely misses you.
The orc priest calls down the wrath of Beogh upon you.
Pain shoots through your body! The orc hits you but does no damage.
Hit: f) +2 mace (protect)
Press: ? - help, Dir - move target, f/p - orc priest
Aim: an orc priest, wielding a +0 club and wearing a +0 leather armour (haloed, about 19% to evade your +2 mace of protection)
You hit the orc priest.
The orc priest is lightly wounded.
The scorpion barely misses you. The orc priest barely misses you.
The orc hits you but does no damage. The scorpion misses you.
Hit: f) +2 mace (protect)
Press: ? - help, Dir - move target, f/p - orc priest
Aim: an orc priest, wielding a +0 club and wearing a +0 leather armour (lightly wounded, haloed, about 19% to evade your +2 mace of protection)
You sock the orc priest!
The orc priest is severely wounded.
The orc closely misses you. The orc priest closely misses you.
The scorpion stings you but does no damage.
Hit: f) +2 mace (protect)
Press: ? - help, Dir - move target, f/p - orc priest
Aim: an orc priest, wielding a +0 club and wearing a +0 leather armour (severely wounded, haloed, about 19% to evade your +2 mace of protection)
You hit the orc priest.
The orc priest is severely wounded.
The scorpion barely misses you. The orc priest misses you.
The orc hits you but does no damage. The scorpion misses you.
Hit: f) +2 mace (protect)
Press: ? - help, Dir - move target, f/p - orc priest
Aim: an orc priest, wielding a +0 club and wearing a +0 leather armour (severely wounded, haloed, about 19% to evade your +2 mace of protection)
You hit the orc priest but do no damage.
The orc priest is severely wounded.
The orc priest calls down the wrath of Beogh upon you.
Beogh smites you! The orc barely misses you. The scorpion stings you.
* * * LOW HITPOINT WARNING * * *
The orc priest mumbles some strange prayers to Beogh against you.
Beogh smites you!
* * * LOW HITPOINT WARNING * * *
The orc hits you but does no damage.
It was a potion of heal wounds.
You feel much better. The scorpion barely misses you. The orc misses you.
The orc priest barely misses you.
Hit: f) +2 mace (protect)
Press: ? - help, Dir - move target, f/p - orc priest
Aim: an orc priest, wielding a +0 club and wearing a +0 leather armour (severely wounded, haloed, about 19% to evade your +2 mace of protection)
You hit the orc priest but do no damage.
The orc priest is severely wounded.
The scorpion stings you but does no damage.
The orc priest looks encouraged for a moment.
The scorpion closely misses you. The orc completely misses you.
Hit: f) +2 mace (protect)
Press: ? - help, Dir - move target, f/p - orc priest
Aim: an orc priest, wielding a +0 club and wearing a +0 leather armour (severely wounded, haloed, about 19% to evade your +2 mace of protection)
You hit the orc priest but do no damage.
The orc priest is severely wounded.
The scorpion barely misses you.
The orc priest hits you but does no damage.
The orc hits you with a +0 whip.
Hit: f) +2 mace (protect)
Press: ? - help, Dir - move target, f/p - orc priest
Aim: an orc priest, wielding a +0 club and wearing a +0 leather armour (severely wounded, haloed, about 19% to evade your +2 mace of protection)
You completely miss the orc priest.
The orc priest is severely wounded.
The scorpion barely misses you. The orc misses you.
The orc priest mumbles some strange prayers to Beogh against you.
Beogh smites you!
Ouch! That really hurt!
* * * LOW HITPOINT WARNING * * *
The scorpion stings you but does no damage.
Hit: f) +2 mace (protect)
Press: ? - help, Dir - move target, f/p - orc priest
Aim: an orc priest, wielding a +0 club and wearing a +0 leather armour (severely wounded, haloed, about 19% to evade your +2 mace of protection)
You hit the orc priest.
You kill the orc priest!
The orc misses you. The scorpion completely misses you.
The orc hits you but does no damage.
Your Axes skill increases to level 5!
Hit: f) +2 mace (protect)
Press: ? - help, Dir - move target, f - scorpion
Aim: a scorpion (haloed, about 19% to evade your +2 mace of protection)
You hit the scorpion but do no damage.
The scorpion stings you but does no damage.
The orc barely misses you. The scorpion closely misses you.
Hit: f) +2 mace (protect)
Press: ? - help, Dir - move target, f/p - scorpion
Aim: a scorpion (haloed, about 19% to evade your +2 mace of protection)
You barely miss the scorpion. The scorpion completely misses you.
The orc misses you.
Hit: f) +2 mace (protect)
Press: ? - help, Dir - move target, f/p - scorpion
Aim: a scorpion (haloed, about 19% to evade your +2 mace of protection)
You hit the scorpion but do no damage.
The scorpion stings you but does no damage.
The orc hits you but does no damage. The scorpion misses you.
Hit: f) +2 mace (protect)
Press: ? - help, Dir - move target, f/p - scorpion
Aim: a scorpion (haloed, about 19% to evade your +2 mace of protection)
You hit the scorpion.
The scorpion is moderately wounded.
The orc closely misses you.
The scorpion stings you but does no damage.
Hit: f) +2 mace (protect)
Press: ? - help, Dir - move target, f/p - scorpion
Aim: a scorpion (moderately wounded, haloed, about 19% to evade your +2 mace of protection)
You hit the scorpion but do no damage.
The scorpion is moderately wounded.
The orc misses you.
The scorpion stings you but does no damage.
The orc hits you with a +0 whip.
* * * LOW HITPOINT WARNING * * *
The scorpion misses you.
Hit: f) +2 mace (protect)
Press: ? - help, Dir - move target, f/p - scorpion
Aim: a scorpion (moderately wounded, haloed, about 19% to evade your +2 mace of protection)
You barely miss the scorpion.
The scorpion is moderately wounded.
The scorpion stings you but does no damage.
The orc hits you but does no damage.
Hit: f) +2 mace (protect)
Press: ? - help, Dir - move target, f/p - scorpion
Aim: a scorpion (moderately wounded, haloed, about 19% to evade your +2 mace of protection)
You barely miss the scorpion.
The scorpion is moderately wounded.
The scorpion stings you.
* * * LOW HITPOINT WARNING * * *
The orc hits you but does no damage. The scorpion stings you.
* * * LOW HITPOINT WARNING * * *
You feel much better. The orc hits you but does no damage.
The scorpion stings you but does no damage.
Hit: f) +2 mace (protect)
Press: ? - help, Dir - move target, f/p - scorpion
Aim: a scorpion (moderately wounded, haloed, about 19% to evade your +2 mace of protection)
You hit the scorpion but do no damage.
The scorpion is moderately wounded.
The orc barely misses you.
The scorpion stings you but does no damage.
Hit: f) +2 mace (protect)
Press: ? - help, Dir - move target, f/p - scorpion
Aim: a scorpion (moderately wounded, haloed, about 19% to evade your +2 mace of protection)
You hit the scorpion.
The scorpion is heavily wounded.
The scorpion stings you. The orc closely misses you.
The scorpion stings you but does no damage.
The orc barely misses you.
Hit: f) +2 mace (protect)
Press: ? - help, Dir - move target, f/p - scorpion
Aim: a scorpion (heavily wounded, haloed, about 19% to evade your +2 mace of protection)
You barely miss the scorpion.
The scorpion is heavily wounded.
The scorpion stings you but does no damage.
The orc hits you but does no damage.
Hit: f) +2 mace (protect)
Press: ? - help, Dir - move target, f/p - scorpion
Aim: a scorpion (heavily wounded, haloed, about 19% to evade your +2 mace of protection)
You hit the scorpion but do no damage.
The scorpion is heavily wounded.
The scorpion stings you but does no damage.
The orc hits you but does no damage.
The scorpion stings you but does no damage.
Hit: f) +2 mace (protect)
Press: ? - help, Dir - move target, f/p - scorpion
Aim: a scorpion (heavily wounded, haloed, about 19% to evade your +2 mace of protection)
You hit the scorpion but do no damage.
The scorpion is heavily wounded.
The orc closely misses you.
The scorpion stings you but does no damage.
Hit: f) +2 mace (protect)
Press: ? - help, Dir - move target, f/p - scorpion
Aim: a scorpion (heavily wounded, haloed, about 19% to evade your +2 mace of protection)
You barely miss the scorpion.
The scorpion is heavily wounded.
The orc hits you with a +0 whip. The scorpion barely misses you.
Hit: f) +2 mace (protect)
Press: ? - help, Dir - move target, f/p - scorpion
Aim: a scorpion (heavily wounded, haloed, about 19% to evade your +2 mace of protection)
You hit the scorpion but do no damage.
The scorpion is heavily wounded.
The scorpion stings you but does no damage.
The orc closely misses you. The scorpion closely misses you.
The orc hits you but does no damage.
Hit: f) +2 mace (protect)
Press: ? - help, Dir - move target, f/p - scorpion
Aim: a scorpion (heavily wounded, haloed, about 19% to evade your +2 mace of protection)
You hit the scorpion.
The scorpion is severely wounded.
The scorpion stings you. The orc closely misses you.
Hit: f) +2 mace (protect)
Press: ? - help, Dir - move target, f/p - scorpion
Aim: a scorpion (severely wounded, haloed, about 19% to evade your +2 mace of protection)
You barely miss the scorpion.
The scorpion is severely wounded.
The scorpion stings you but does no damage.
The orc closely misses you. The scorpion stings you.
* * * LOW HITPOINT WARNING * * *
Hit: f) +2 mace (protect)
Press: ? - help, Dir - move target, f/p - scorpion
Aim: a scorpion (severely wounded, haloed, about 19% to evade your +2 mace of protection)
You hit the scorpion.
The scorpion is severely wounded.
The orc misses you. The scorpion stings you.
* * * LOW HITPOINT WARNING * * *
Hit: f) +2 mace (protect)
Press: ? - help, Dir - move target, f/p - scorpion
Aim: a scorpion (severely wounded, haloed, about 19% to evade your +2 mace of protection)
You thump the scorpion!
You kill the scorpion!
The orc barely misses you.
You have reached level 6!
Hit: f) +2 mace (protect)
Press: ? - help, Dir - move target, f - orc
Aim: an orc, wielding a +0 whip (haloed, about 19% to evade your +2 mace of protection)
Okay, then.
Hit: f) +2 mace (protect)
Press: ? - help, Dir - move target, f - orc
Aim: an orc, wielding a +0 whip (haloed, about 19% to evade your +2 mace of protection)
You sock the orc!
The orc is almost dead.
The orc hits you but does no damage. The orc hits you with a +0 whip.
* * * LOW HITPOINT WARNING * * *
Hit: f) +2 mace (protect)
Press: ? - help, Dir - move target, f/p - orc
Aim: an orc, wielding a +0 whip (almost dead, haloed, about 19% to evade your +2 mace of protection)
You hit the orc.
You kill the orc!
Press: ? - help, v - describe, . - travel, g - get item Item here: a poisoned dart.
The floor.
This square is lit by a halo.
l - 4 poisoned darts (gained 1)
You now have 41 gold pieces (gained 19).
An iguana comes into view.
The iguana hisses angrily.
You hear a bark!
A hound comes into view.
There is a stone staircase leading up here.
Throw: 4 darts (poison)
Press: ? - help, Q - select action, (/) - cycle Shift-Dir - straight line, f - hound
Aim: a hound (haloed, 64% to hit)
Okay, then.
Okay, then.
Throw: 5 stones
Press: ? - help, Q - select action, (/) - cycle Shift-Dir - straight line, f - hound
Aim: a hound (haloed, 64% to hit)
You throw a stone. The stone closely misses the hound.
The stone barely misses the iguana.
The hound closely misses you.
You climb upwards.
There is a stone staircase leading down here.
You are too injured to fight recklessly!
Hit: f) +2 mace (protect)
Press: ? - help, Dir - move target, f - hound
Aim: a hound (haloed, about 29% to evade your +2 mace of protection)
You barely miss the hound. The hound bites you but does no damage.
The hound bites you.
* * * LOW HITPOINT WARNING * * *
Hit: f) +2 mace (protect)
Press: ? - help, Dir - move target, f/p - hound
Aim: a hound (haloed, about 29% to evade your +2 mace of protection)
You hit the hound.
Your weapon exudes an aura of protection.
The hound is lightly wounded.
The hound barely misses you. The hound bites you but does no damage.
Hit: f) +2 mace (protect)
Press: ? - help, Dir - move target, f/p - hound
Aim: a hound (lightly wounded, haloed, about 29% to evade your +2 mace of protection)
You sock the hound!
The hound is heavily wounded.
The hound bites you but does no damage. The hound barely misses you.
Hit: f) +2 mace (protect)
Press: ? - help, Dir - move target, f/p - hound
Aim: a hound (heavily wounded, haloed, about 29% to evade your +2 mace of protection)
You sock the hound!
You kill the hound!
Hit: f) +2 mace (protect)
Press: ? - help, Dir - move target, f - you That would be overly suicidal.
Okay, then.
Unknown command.
Unknown command.
There is a shaft here.
You fall into a shaft and drop 2 floors!
The shaft crumbles and collapses.
You open the door.
Found 13 gold pieces.
There is an open door here.
A hound comes into view.
The hound barks!
You barely miss the hound. The hound misses you.
The hound bites you but does no damage.
You hit the hound.
Your weapon exudes an aura of protection.
The hound is lightly wounded.
The hound closely misses you. x2
You hit the hound.
The hound is moderately wounded.
The hound barely misses you.
You hit the hound.
The hound is moderately wounded.
The hound bites you but does no damage. x2
You sock the hound!
The hound is severely wounded.
The hound barely misses you. x2
You thump the hound!
You kill the hound!
No target in view!
You now have 54 gold pieces (gained 13).
A dart slug comes into view.
A centaur comes into view.
The centaur shouts!
The centaur wields a +0 orcbow.
The centaur shoots an arrow.
The arrow hits you. The dart slug launches a dart at you.
The slug dart hits you but does no damage.
The centaur shoots an arrow.
The arrow closely misses you.
The centaur shoots an arrow.
The arrow barely misses you.
Found a silver ring.
The centaur unwields a +0 orcbow.
The centaur hits you but does no damage.
The centaur kicks you but does no damage.
You hit the centaur.
Your weapon exudes an aura of protection.
The centaur is lightly wounded.
The centaur closely misses you. The centaur barely misses you.
The centaur hits you but does no damage.
The centaur kicks you but does no damage.
You barely miss the centaur.
The centaur is lightly wounded.
The centaur hits you but does no damage.
The centaur closely misses you. The centaur misses you.
The centaur kicks you but does no damage.
You hit the centaur.
The centaur is moderately wounded.
The centaur barely misses you. The centaur misses you.
The centaur hits you but does no damage.
The centaur kicks you but does no damage.
You hit the centaur.
The centaur is heavily wounded.
The centaur hits you but does no damage.
The centaur kicks you but does no damage.
You hit the centaur.
The centaur is severely wounded.
The centaur hits you but does no damage.
The centaur barely misses you.
The centaur hits you but does no damage.
The centaur kicks you.
You hear a distant slurping noise.
You hit the centaur.
The centaur is severely wounded.
The centaur hits you but does no damage.
The centaur closely misses you. The centaur barely misses you.
The centaur kicks you.
You hit the centaur.
The centaur is severely wounded.
The centaur misses you.
The centaur kicks you but does no damage.
The dart slug closely misses you. The centaur barely misses you.
The centaur kicks you but does no damage.
You hit the centaur.
The centaur is almost dead.
The centaur hits you but does no damage.
The centaur misses you. The dart slug misses you.
The centaur hits you but does no damage.
The centaur kicks you but does no damage.
You hit the centaur.
The centaur is almost dead.
The centaur hits you but does no damage.
The centaur barely misses you.
You hit the centaur but do no damage.
The centaur is almost dead.
The centaur hits you. The centaur closely misses you.
The dart slug closely misses you.
The centaur hits you but does no damage.
The centaur kicks you but does no damage.
You hit the centaur.
You kill the centaur!
The dart slug closely misses you.
Your Axes skill increases to level 6!
You hit the dart slug but do no damage. The dart slug closely misses you.
You hit the dart slug.
The dart slug is lightly wounded.
You hear a distant slurping noise.
The dart slug launches a dart at you.
The slug dart hits you but does no damage.
You hit the dart slug.
The dart slug is severely wounded.
The dart slug bites you.
You hit the dart slug.
You kill the dart slug!
No target in view!
s - a +6 ring of intelligence
Found a staircase to the Ecumenical Temple.
A phantom comes into view.
Found 11 gold pieces.
There is a staircase to the Ecumenical Temple here.
You climb downwards.
Welcome to the Ecumenical Temple!
Found three altars.
Found a staircase back to the Dungeon.
There is a staircase back to the Dungeon here.
Search for what [? for help]? .
You climb upwards.
Welcome back to the Dungeon!
There is a staircase to the Ecumenical Temple here.
The phantom barely misses you.
You hit the phantom but do no damage.
Your weapon exudes an aura of protection.
The phantom hits you.
The phantom hits you but does no damage.
You hit the phantom.
The phantom is moderately damaged.
The phantom misses you.
You completely miss the phantom.
The phantom is moderately damaged.
The phantom hits you but does no damage.
You hit the phantom.
The phantom is moderately damaged.
The phantom misses you.
You hit the phantom but do no damage.
The phantom is moderately damaged.
The phantom hits you but does no damage.
You completely miss the phantom.
The phantom is moderately damaged.
The phantom barely misses you.
You hit the phantom.
The phantom is moderately damaged.
The phantom closely misses you. The phantom hits you.
The phantom blinks!
You blink.
You hit the phantom.
The phantom is heavily damaged.
The phantom hits you but does no damage.
You hit the phantom.
The phantom is severely damaged.
The phantom hits you.
The phantom blinks!
You blink.
You closely miss the phantom.
The phantom is severely damaged.
The phantom misses you.
You hit the phantom.
The phantom is severely damaged.
The phantom hits you.
You hit the phantom.
The phantom is almost destroyed.
The phantom hits you but does no damage.
The phantom barely misses you.
You barely miss the phantom.
The phantom is severely damaged.
The phantom barely misses you.
You hit the phantom.
The phantom is almost destroyed.
The phantom hits you.
You hit the phantom.
You destroy the phantom!
You have reached level 7!
You now have 65 gold pieces (gained 11).
An ogre comes into view. It is wielding a +0 giant club.
The ogre shouts!
You hear a bark!
You hear a shout!
A hound comes into view.
Throw: 4 darts (poison)
Press: ? - help, Shift-Dir - straight line, f - ogre
Aim: an ogre, wielding a +0 giant club (72% to hit)
You throw a poisoned dart. The poisoned dart hits the ogre.
Throw: 3 darts (poison)
Press: ? - help, Shift-Dir - straight line, f/p - ogre
Aim: an ogre, wielding a +0 giant club (haloed, 93% to hit)
You throw a poisoned dart. The poisoned dart hits the ogre.
The ogre is poisoned.
Throw: 2 darts (poison)
Press: ? - help, Shift-Dir - straight line, f/p - ogre
Aim: an ogre, wielding a +0 giant club (lightly wounded, poisoned, haloed, 93% to hit)
You throw a poisoned dart. The poisoned dart hits the ogre.
The ogre looks even sicker.
The ogre is lightly wounded.
You sock the ogre!
Your weapon exudes an aura of protection.
The ogre is heavily wounded.
The ogre hits you with a +0 giant club!!
* * * LOW HITPOINT WARNING * * *
Hit: f) +2 mace (protect)
Press: ? - help, Dir - move target, f/p - ogre
Aim: an ogre, wielding a +0 giant club (heavily wounded, very poisoned, haloed, about 6% to evade your +2 mace of protection)
You hit the ogre.
The ogre is heavily wounded.
The ogre hits you with a +0 giant club!
You die...

........##.######
........##.#
.....O..##.#.### #####
........##.#.#.. ....
.h......##(#.#.##..# ##
........##(#.#.....###..
. ........##(#.#...##...
. . #O#.#..#..### .#.
#@#.#.#..#.. #..
#.....#.#.###.#
#####.##.#.#...#
#......#.#.#.>.#
#.#.#.##.#.#...#
.#.#.#..#.#.###.#
#.#.#.#.#..#...#..#.
#.#.#.#...#..###..#..
#.# #.#.#...##...##...


You could see an ogre (very poisoned).

Vanquished Creatures
  A centaur (D:5)
  2 phantoms
  A scorpion (D:4)
  2 hounds
  An orc priest (D:4)
  An orc wizard (D:3)
  4 adders (D:3)
  A dart slug (D:5)
  2 orcs
  An endoplasm (D:2)
  5 giant cockroaches
  3 goblins
  4 hobgoblins (D:3)
  9 jackals
  4 ball pythons
  A bat (D:3)
  2 frilled lizards
  3 rats
47 creatures vanquished.

Notes
Turn   | Place    | Note
-------+----------+-------------------------------------------
     0 | D:1      | jagoly the Gargoyle Monk began the quest for the Orb.
     0 | D:1      | Reached XP level 1. HP: 14/14 MP: 1/1
    94 | D:2      | Reached skill level 3 in Axes
    94 | D:2      | Reached XP level 2. HP: 17/19 MP: 2/2
   107 | D:2      | Reached skill level 1 in Stealth
   198 | D:2      | Identified the +4 robe of Manekyek {Str+2}
   280 | D:2      | Found a blossoming altar of Fedhas.
   299 | D:2      | Identified the blade talisman of Time Monsters {rC+ rN+
                  | Int-2 SInv}
   431 | D:3      | Reached XP level 3. HP: 23/23 MP: 3/3
   543 | D:3      | Reached XP level 4. HP: 29/29 MP: 4/4
   643 | D:3      | Noticed a phantom
   651 | D:3      | Killed a phantom
   652 | D:3      | Reached skill level 4 in Axes
   652 | D:3      | Reached XP level 5. HP: 33/33 MP: 5/5
   705 | D:3      | Found Lemig's Magic Scroll Emporium.
   711 | D:3      | Bought a scroll of blinking for 82 gold pieces
   742 | D:4      | HP: 1/33 [orc priest/divine providence (13)]
   748 | D:4      | Reached skill level 5 in Axes
   767 | D:4      | Reached XP level 6. HP: 13/38 MP: 6/6
   821 | D:3      | You fall into a shaft and drop 2 floors!
   821 | D:5      | Entered Level 5 of the Dungeon
   859 | D:5      | Reached skill level 6 in Axes
   898 | D:5      | Found a staircase to the Ecumenical Temple.
   905 | Temple   | Entered the Ecumenical Temple
   925 | D:5      | Reached XP level 7. HP: 24/43 MP: 7/7
   968 | D:5      | Slain by an ogre

Illustrated notes

Levels and vault maps discovered:
D:1:      sevenhm_arrival_forest_fort_small_3, layout_basic
D:2:      layout_loops_ring, basic_altar
D:3:      layout_basic, serial_shops, nicolae_shop_tiny_glass
D:4:      layout_rooms
D:5:      layout_basic, nicolae_overflow_hallway_of_the_gods,
          minmay_temple_entry_steel_oval, kennysheep_big_empty_room
Temple:   nicolae_temple_bog_church

Skill      XL: |  1  2  3  4  5  6 |
---------------+-------------------+-----
Axes           | 3 4 5 6 |  6.7
Stealth        | 1 2 |  2.0
Fighting       | 4 |  4.0
Dodging        | |  2.4

Action                     |  1- 3 |  4- 6 |  7- 9 || total
---------------------------+-------+-------+-------++-------
  Melee: Hand axe          |    10 |       |       ||    10
         Mace              |    61 |    94 |     2 ||   157
  Throw: Dart              |       |     1 |     3 ||     4
         Stone             |       |     1 |       ||     1
    Use: Potion            |       |     2 |       ||     2
 Armour: Robe              |    46 |   108 |     2 ||   156
  Dodge: Dodged            |    63 |   101 |       ||   164
